 Dungeon Crawl Stone Soup version 0.29.1-1-gd02db6906a (webtiles) character file.

Game seed: 11318988231228545736

648 Aibolit the Covered (level 7, -10/55 HPs)
             Began as a Human Fighter on Oct 8, 2022.
             Engulfed by a steam dragon's steam (11 damage)
             ... on level 8 of the Dungeon.
             The game lasted 00:10:58 (6957 turns).

Aibolit the Covered (Human Fighter)                 Turns: 6957, Time: 00:10:58

Health: -10/55     AC: 14    Str: 24    XL:     7   Next: 83%
Magic:  7/7        EV:  7    Int:  9    God:
Gold:   132        SH: 11    Dex: 18    Spells: 6/6 levels left

rFire   . . .      SeeInvis .   a - +0 long sword
rCold   . . .      Faith    .   c - +0 buckler
rNeg    . . .      Spirit   .   B - +0 chain mail
rPois   +          Reflect  +   u - +0 helmet
rElec   .          Harm     .   m - +1 cloak {rPois}
rCorr   .          Rampage  .   (no gloves)
Will    .....                   n - +0 pair of boots
Stlth   ..........              x - amulet of reflection
HPRegen 0.18/turn               l - +6 ring of strength
MPRegen 0.10/turn               q - +6 ring of dexterity

@: no status effects
A: no striking features
a: no special abilities


You were on level 8 of the Dungeon.
You visited 2 branches of the dungeon, and saw 7 of its levels.

You collected 342 gold pieces.
You spent 210 gold pieces at shops.

Inventory:

Hand Weapons
 a - a +0 long sword (weapon)
Armour
 c - a +0 buckler (worn)
 m - a +1 cloak of poison resistance (worn)
 n - a +0 pair of boots (worn)
 u - a +0 helmet (worn)
 B - a +0 chain mail (worn)
Jewellery
 l - a +6 ring of strength (left hand)
 q - a +6 ring of dexterity (right hand)
 w - a +6 ring of strength
 x - an amulet of reflection (around neck)
 z - an amulet of regeneration
 G - a ring of flight
Wands
 t - a wand of acid (18)
Scrolls
 h - 2 scrolls of blinking {unknown}
 k - 2 scrolls of magic mapping
 o - 2 scrolls of fog
 p - 2 scrolls of fear
 r - a scroll of silence {unknown}
 v - 2 scrolls of teleportation
 y - 3 scrolls of identify
 A - a scroll of amnesia {unknown}
Potions
 b - a potion of mutation {unknown}
 d - a potion of attraction {unknown}
 e - 5 potions of curing
 f - 4 potions of cancellation {unknown}
 g - 2 potions of berserk rage {unknown}
 i - a potion of resistance {unknown}
 j - a potion of degeneration {unknown}
 s - 2 potions of ambrosia {unknown}
 C - 2 potions of heal wounds
 D - a potion of invisibility {unknown}
 E - 2 potions of brilliance {unknown}
 F - a potion of magic {unknown}


   Skills:
 + Level 4.9 Fighting
 + Level 4.4 Long Blades
 + Level 4.9 Armour
 + Level 4.9 Shields


You had 6 spell levels left.
You didn't know any spells.
Your spell library contained the following spells:

 Spells                   Type           Power      Damage    Failure   Level
 Apportation              Tloc           0%         N/A       98%         1
 Summon Small Mammal      Summ           0%         N/A       98%         1
 Ensorcelled Hibernation  Hex/Ice        0%         N/A       99%         2
 Passwall                 Tmut/Erth      0%         N/A       99%         2
 Scorch                   Fire           0%         2d5       99%         2
 Call Canine Familiar     Summ           0%         N/A       100%        3
 Ignite Poison            Fire/Tmut/Pois 0%         N/A       100%        3
 Mephitic Cloud           Conj/Pois/Air  0%         N/A       100%        3
 Summon Guardian Golem    Hex/Summ       0%         N/A       100%        3
 Swiftness                Air            0%         N/A       100%        3
 Flame Wave               Conj/Fire      0%         2d4       100%        4
 Alistair's Intoxication  Tmut/Pois      0%         N/A       100%        5
 Freezing Cloud           Conj/Ice/Air   0%         6-21      100%        5
 Summon Cactus Giant      Summ           0%         N/A       100%        6


Dungeon Overview and Level Annotations

Branches:
Dungeon (5/15)             Temple (1/1) D:5

Altars:
Ashenzari
Cheibriados
Dithmenos
Elyvilon
Fedhas
Hepliaklqana
Kikubaaqudgha
Makhleb
Nemelex Xobeh
Qazlal
Ru
Sif Muna
Uskayaw
Vehumet
Wu Jian
Xom
Zin
The Shining One

Shops:
D:1 !   D:5 !

Annotations:
D:5 2 transporters, H0rd4k's ghost, novice HuAr


Message History

You are too injured to fight recklessly!
You are too injured to fight recklessly!
You are too injured to fight recklessly!
You are too injured to fight recklessly!
You hit the steam dragon.
The steam dragon is heavily wounded.
You are engulfed in a cloud of scalding steam.
You block the steam dragon's attack. x2
You barely miss the steam dragon.
The steam dragon is heavily wounded.
You are engulfed in a cloud of scalding steam.
The steam dragon breathes steam at you. The ball of steam hits you.
The steam dragon barely misses you. You block the steam dragon's attack.
You hear an angry hiss.
You hear a bellow!
You closely miss the steam dragon.
The steam dragon is heavily wounded.
You are engulfed in a cloud of scalding steam.
You block the steam dragon's attack. The steam dragon claws you.
* * * LOW HITPOINT WARNING * * *
You barely miss the steam dragon.
The steam dragon is heavily wounded.
The steam dragon closely misses you. The steam dragon barely misses you.
You closely miss the steam dragon.
The steam dragon is heavily wounded.
The steam dragon barely misses you. You block the steam dragon's attack.
You closely miss the steam dragon.
The steam dragon is heavily wounded.
You block the steam dragon's attack. x2
You hit the steam dragon.
The steam dragon is severely wounded.
The steam dragon breathes steam at you. The ball of steam hits you!
* * * LOW HITPOINT WARNING * * *
You block the steam dragon's attack. x2
You hear a bellow! x3; You hear a shout!
You closely miss the steam dragon.
The steam dragon is severely wounded.
You are engulfed in a cloud of scalding steam.
You die...

####§§§...§..##.#
##..§§§§.........#
##....§§§._.§....#
#.....§§...§§§...#
#....#§§§.§§§§.#
#.#####§§...§§#
#.# ###§....##
#.##.####...##
#§@D........#
#.............
#........######
#........#
#......###
##.......
#########


You could see a steam dragon.

Vanquished Creatures
  A water moccasin (D:5)
  2 ogres
  A black bear (D:5)
  A hound (D:5)
  A jelly (D:3)
  Crazy Yiuf (D:3)
  An iguana (D:5)
  Robin (D:3)
  2 adders (D:2)
  2 white imps (D:5)
  3 worms
  2 dart slugs
  6 orcs
  8 ball pythons
  4 endoplasms
  5 giant cockroaches
  18 goblins
  9 hobgoblins
  17 jackals
  7 quokkas
  7 bats
  3 frilled lizards (D:3)
  7 kobolds
  3 rats
112 creatures vanquished.

Notes
Turn   | Place    | Note
-------+----------+-------------------------------------------
     0 | D:1      | Aibolit the Human Fighter began the quest for the Orb.
     0 | D:1      | Reached XP level 1. HP: 18/18 MP: 1/1
    41 | D:1      | Found Icukleuf's Distillery.
   236 | D:1      | Reached XP level 2. HP: 24/24 MP: 2/2
   477 | D:1      | Found a faded altar of an unknown god.
   897 | D:2      | Reached XP level 3. HP: 27/29 MP: 3/3
  1610 | D:2      | Reached XP level 4. HP: 33/35 MP: 4/4
  2614 | D:3      | Reached XP level 5. HP: 41/41 MP: 5/5
  2649 | D:3      | Noticed Robin
  2658 | D:3      | Killed Robin
  3860 | D:3      | Found a runed translucent door.
  3861 | D:3      | Noticed Crazy Yiuf
  3869 | D:3      | Killed Crazy Yiuf
  3870 | D:3      | Reached XP level 6. HP: 40/48 MP: 6/6
  4204 | D:4      | Found a glowing golden altar of the Shining One.
  4409 | D:4      | Noticed an ogre
  4419 | D:4      | HP: 1/48 [ogre/+0 giant club (15)]
  4420 | D:4      | Killed an ogre
  5095 | D:4      | Found a sacrificial altar of Ru.
  5635 | D:5      | Entered Level 5 of the Dungeon
  5635 | D:5      | Noticed an ogre
  5695 | D:5      | Noticed a black bear
  5704 | D:5      | Killed a black bear
  5705 | D:5      | Reached XP level 7. HP: 42/55 MP: 7/7
  5832 | D:5      | Found a glowing drain.
  5897 | D:5      | Found Seceujy's Distillery.
  5910 | D:5      | Bought a potion of curing for 45 gold pieces
  5910 | D:5      | Bought a potion of heal wounds for 75 gold pieces
  5910 | D:5      | Bought a potion of curing for 45 gold pieces
  5910 | D:5      | Bought a potion of curing for 45 gold pieces
  5915 | D:5      | Noticed a water moccasin
  5956 | D:5      | Killed a water moccasin
  6125 | D:5      | Found a staircase to the Ecumenical Temple.
  6131 | Temple   | Entered the Ecumenical Temple
  6601 | D:5      | Noticed H0rd4k's ghost (novice HuAr)
  6610 | D:5      | Found a transporter.
  6625 | D:5      | Found a transporter.
  6920 | D:5      | You fall into a shaft and drop 3 floors!
  6920 | D:8      | Found a shadowy altar of Dithmenos.
  6940 | D:8      | Noticed a steam dragon
  6956 | D:8      | HP: 1/55 [steam dragon/ball of steam (15)]
  6957 | D:8      | Engulfed by a steam dragon's steam

Illustrated notes

Levels and vault maps discovered:
D:1:      nicolae_arrival_washed_ashore, layout_rooms,
          dreamdust_ecumenical_altar_statues, serial_shops, shop_coins,
          minmay_fountain_box
D:2:      layout_loops_ring
D:3:      kennysheep_goblin_castle, layout_basic, uniq_robin,
          uniq_crazy_yiuf_cottage
D:4:      layout_loops_corners, mainiacjoe_overflow_surrounded_room,
          nicolae_tso_carved_into_rock, chequers_serial_rivers_micro_e
D:5:      layout_basic, minmay_temple_entry_enclosed_plants,
          gammafunk_ghost_stat_death, cheibrodos_sewer_entry_drain,
          serial_shops, shop
D:8:      lemuel_slime, layout_basic, nicolae_dithmenos_the_darkroom,
          dpeg_lair_monsters, grunt_ministairs_9, interstate_on_off
Temple:   eino_wide_crystal_templ

Skill      XL: |  1  2  3  4  5  6  7 |
---------------+----------------------+-----
Long Blades    | 3 4 |  4.4
Fighting       | 4 |  4.9
Armour         | 4 |  4.9
Shields        | 4 |  4.9

Action                   |  1- 3 |  4- 6 |  7- 9 || total
-------------------------+-------+-------+-------++-------
Melee: Long sword        |   109 |   196 |    84 ||   389
  Use: Scroll            |     1 |     2 |     1 ||     4
       Potion            |     1 |     1 |       ||     2
Armor: Scale mail        |    93 |    84 |       ||   177
       Chain mail        |       |       |    31 ||    31
Dodge: Dodged            |   109 |    90 |    24 ||   223
Block: Buckler           |    47 |    74 |    49 ||   170
